 Dungeon Crawl Stone Soup version 0.24-a0-462-ge24419a6ad (webtiles) character file.

Game seed: 11346285293543498104

120 Elric the Chopper (level 4, 0/55 HPs)
             Began as a Demonspawn Berserker on July 2, 2019.
             Was a Follower of Trog.
             Slain by a worm (9 damage)
             ... on level 4 of the Dungeon.
             The game lasted 00:03:40 (2892 turns).

Elric the Chopper (Demonspawn Berserker)            Turns: 2892, Time: 00:03:41

Health: 0/55       AC:  7    Str: 23    XL:     4   Next: 75%
Magic:  4/4        EV: 10    Int: 13    God:    Trog [*.....]
Gold:   117        SH:  0    Dex: 13    Spells: 3/3 levels left

rFire    . . .     SeeInvis .   a - +0 hand axe
rCold    + . .     Gourm    .   (no shield)
rNeg     . . .     Faith    .   h - +0 scale mail
rPois    .         Spirit   .   n - +0 helmet
rElec    .         Reflect  .   (no cloak)
rCorr    .         Harm     .   (no gloves)
MR       .....                  (no boots)
Stlth    ..........             (no amulet)
HPRegen  0.18/turn              (no ring)
MPRegen  0.09/turn              (no ring)

@: brilliant, berserking, starving, lightly drained, slow
A: cold resistance 1, freezing cloud immunity
a: Berserk, Renounce Religion


You were on level 4 of the Dungeon.
You worshipped Trog.
Trog was aware of your devotion.
You were starving.

You visited 1 branch of the dungeon, and saw 4 of its levels.

You collected 117 gold pieces.

Inventory:

Hand Weapons
 a - a +0 hand axe (weapon)
Missiles
 m - 4 boomerangs (quivered)
Armour
 h - a +0 scale mail (worn)
 n - a +0 helmet (worn)
Scrolls
 b - a scroll of magic mapping {unknown}
 d - a scroll of fear {unknown}
 f - a scroll of blinking
 g - a scroll of remove curse
 i - 3 scrolls of teleportation
 l - 2 scrolls of identify {unknown}
Comestibles
 c - 4 rations


   Skills:
 + Level 4.0(3.4) Fighting
 * Level 4.4(3.9) Axes
 - Level 1.7(1.2) Armour
 - Level 1.7(1.2) Dodging


You had 3 spell levels left.
You didn't know any spells.
Your spell library was empty.

Dungeon Overview and Level Annotations

Branches:
Dungeon (4/15)
 Temple: D:4-7

Altars:
Okawaru


Innate Abilities, Weirdness & Mutations

Your flesh is cold resistant. (rC+)
You are immune to freezing clouds.


Message History

The worm bites you.
* * * LOW HITPOINT WARNING * * *
You hit the worm.
The worm is severely wounded.
You hit the phantom. The phantom barely misses you.
The worm closely misses you.
Your unstable footing causes you to fumble your attack.
The phantom barely misses you.
You hit the worm.
The worm is almost dead.
You hit the phantom.
You hear the rusting of a drain.
The phantom hits you but does no damage.
The worm bites you.
* * * LOW HITPOINT WARNING * * *
A red film seems to cover your vision as you go berserk!
You feel yourself moving faster!
You feel mighty!
You are starving!
The phantom blinks!
The worm bites you!
You die...

##### #...#
######### #.<.#
##≈≈≈≈≈≈†## #...#
#≈#######≈# #...#
#≈# ≈#§#
#...####≈# ≈#≈#
#......#≈# .#W#
##.....#W#####w#.#
#.....##.≈≈§@##†#
##.....########.#
#....#.†≈≈W≈≈.##
#....##########
#..... .......#
###.....# .......
.#####


You could see a phantom and a worm.

Vanquished Creatures
  Terence (D:3)
  A worker ant (D:3)
  2 adders
  A worm (D:2)
  4 leopard geckos
  An orc (D:3)
  5 giant cockroaches
  3 hobgoblins
  2 jackals (D:2)
  10 bats
  2 frilled lizards
  5 goblins
  6 kobolds
  6 rats
49 creatures vanquished.

Notes
Turn   | Place    | Note
-------+----------+-------------------------------------------
     0 | D:1      | Elric the Demonspawn Berserker began the quest for the Orb.
     0 | D:1      | Reached XP level 1. HP: 18/18 MP: 1/1
   734 | D:1      | Gained mutation: Your flesh is cold resistant. (rC+)
                  | [demonic ancestry]
   734 | D:1      | Reached XP level 2. HP: 24/24 MP: 2/2
  1274 | D:2      | Reached XP level 3. HP: 12/29 MP: 3/3
  2325 | D:3      | Found an iron altar of Okawaru.
  2568 | D:3      | Reached ** piety under Trog
  2568 | D:3      | Gained mutation: You are immune to freezing clouds.
                  | [demonic ancestry]
  2568 | D:3      | Reached XP level 4. HP: 35/37 MP: 4/4
  2714 | D:3      | Noticed Terence
  2722 | D:3      | Killed Terence
  2782 | D:4      | Noticed a phantom
  2892 | D:4      | Slain by a worm

Levels and vault maps discovered:
D:1:      dpeg_arrival_arbitrary_b, layout_basic, minmay_misc_feat_four_crosses
D:2:      layout_basic
D:3:      layout_basic, okawaru_metal_pillars_1_2, uniq_terence
D:4:      layout_basic, gup_sewer_entry_spiral, first_ration

Skill      XL: |  1  2  3  4 |
---------------+-------------+-----
Axes           | 3 4 |  4.4
Fighting       | 4 |  4.0
Armour         | |  1.7
Dodging        | |  1.7

Action                   |  1- 3 |  4- 6 || total
-------------------------+-------+-------++-------
Melee: Hand axe          |   134 |    64 ||   198
Throw: Boomerang         |     2 |       ||     2
Invok: Berserk           |     1 |     4 ||     5
       Trog's Hand       |       |     2 ||     2
  Use: Scroll            |     6 |       ||     6
       Potion            |       |     2 ||     2
  Eat: Chunk             |     5 |     1 ||     6
       Ration            |       |     1 ||     1
Armor: Animal skin       |    27 |       ||    27
       Ring mail         |    22 |       ||    22
       Scale mail        |    17 |    43 ||    60
Dodge: Dodged            |   116 |    44 ||   160

Table legend:
 A = Non-vault XP
 B = Vault XP
 C = Vault XP percentage of total XP
 D = Non-vault monster count
 E = Vault monster count
 F = Vault count percentage of total count
                 A         B        C        D         E       F
            +---------+---------+-------+---------+---------+-------
      Total |     111 |      61 |  35.5 |      41 |       8 |  16.3
            +---------+---------+-------+---------+---------+-------
        D:1 |      18 |       0 |   0.0 |      13 |       0 |   0.0
        D:2 |      41 |       0 |   0.0 |      17 |       0 |   0.0
        D:3 |      52 |      36 |  40.9 |      11 |       1 |   8.3
        D:4 |       0 |      25 | 100.0 |       0 |       7 | 100.0
            +---------+---------+-------+---------+---------+-------
